 Dungeon Crawl Stone Soup version 0.28.0-47-ge53b351184 (webtiles) character file.

Game seed: 3195931398455180724

17 pkoi the Charlatan (level 2, 0/22 HPs)
             Began as a Demigod Artificer on May 1, 2022.
             Slain by a worm (2 damage)
             ... on level 2 of the Dungeon.
             The game lasted 00:01:05 (1926 turns).

pkoi the Charlatan (Demigod Artificer)              Turns: 1926, Time: 00:01:05

Health: 0/22       AC:  3    Str: 13    XL:     2   Next: 30%
Magic:  4/4        EV: 11    Int: 13    God:
Gold:   35         SH:  0    Dex: 14    Spells: 1/1 levels left

rFire   . . .      SeeInvis .   h - staff of conjuration
rCold   . . .      Faith    .   (no shield)
rNeg    . . .      Spirit   .   b - +0 leather armour
rPois   .          Reflect  .   (no helmet)
rElec   .          Harm     .   (no cloak)
rCorr   .          Rampage  .   (no gloves)
Will    .....                   (no boots)
Stlth   +.........              (no amulet)
HPRegen 0.07/turn               (no ring)
MPRegen 0.09/turn               (no ring)

@: no status effects
A: high MP 1, forlorn, divine attributes
a: no special abilities


You were on level 2 of the Dungeon.
You visited 1 branch of the dungeon, and saw 2 of its levels.

You collected 35 gold pieces.

Inventory:

Hand Weapons
 a - a +0 club
 g - a +0 dagger
Armour
 b - a +0 leather armour (worn)
Magical Staves
 h - a staff of conjuration (weapon)
Wands
 c - a wand of flame (15) (quivered)
 d - a wand of charming (15)
Potions
 f - a potion of flight {unknown}
 k - a potion of invisibility
Miscellaneous
 e - a piece from Xom's chessboard (15/15)


   Skills:
 - Level 0.8 Fighting
 - Level 1.7 Armour
 - Level 0.8 Dodging
 - Level 0.8 Stealth
 + Level 1.1 Unarmed Combat
 + Level 0.2 Spellcasting
 + Level 0.2 Conjurations
 + Level 3.0 Evocations


You had one spell level left.
You didn't know any spells.
Your spell library was empty.

Dungeon Overview and Level Annotations

Branches:
Dungeon (2/15)


Innate Abilities, Weirdness & Mutations

You have an increased reservoir of magic. (+10% MP)
You shall have no god before yourself.
Your divine heritage dramatically boosts your attributes as you level up.


Message History

Your +0 leather armour melds into your body.
Your roots penetrate the ground.
It was a potion of curing.
You feel better.
It was a potion of invisibility.
You fade into invisibility!
You start waiting.
Your transformation is almost over.
You flicker for a moment.
You start waiting.
You flicker back into view.
You start waiting.
HP restored.
You feel less wooden.
Your +0 leather armour unmelds from your body.
f - a metallic amethyst potion
Found a stone staircase leading up.
A worm comes into view.
A worm is nearby!
The worm bites you.
You hit the worm but do no damage. You hit the worm.
The worm is moderately wounded.
The worm bites you!
* * * LOW HITPOINT WARNING * * *
You hit the worm.
The worm is moderately wounded.
The worm misses you.
You hit the worm but do no damage.
The worm is moderately wounded.
The worm closely misses you.
You hit the worm.
The worm is heavily wounded.
You barely miss the worm.
The worm is heavily wounded.
The worm bites you!
Ouch! That really hurt!
* * * LOW HITPOINT WARNING * * *
You hit the worm.
The worm is heavily wounded.
The worm bites you.
You die...

.....# .....#
.....# .....#
.....# # ###.## .#
#.# ##### #.## #.#
##...##w..####
##.##
##.###.@.......
##...#####.##
##....###.
...#.......#
#.....#
##...#####.#
#.###.# ##.## ##.#
..# # #..######...
#.#
###.#.......####..
...###.####.# ###
#.## ##.....#


You could see a worm.

Vanquished Creatures
  3 ball pythons (D:1)
  2 endoplasms (D:1)
  A goblin (D:1)
  A hobgoblin (D:1)
  3 kobolds (D:1)
  2 bats (D:1)
  2 rats (D:1)
14 creatures vanquished.

Notes
Turn   | Place    | Note
-------+----------+-------------------------------------------
     0 | D:1      | pkoi the Demigod Artificer began the quest for the Orb.
     0 | D:1      | Reached XP level 1. HP: 15/15 MP: 3/3
   236 | D:1      | Reached skill level 3 in Evocations
   508 | D:1      | Reached skill level 1 in Unarmed Combat
   682 | D:1      | Reached XP level 2. HP: 19/22 MP: 4/4
  1926 | D:2      | Slain by a worm

Illustrated notes

Levels and vault maps discovered:
D:1:      zelgadis_glass_arrival_small, layout_basic
D:2:      layout_loops_ring, shapermc_ecumenical_altar_starsandcircs,
          kennysheep_generic_room_15

Skill      XL: |  1 |
---------------+----+-----
Evocations     | 3 |  3.0
Unarmed Combat | 1 |  1.1
Fighting       | |  0.8
Armour         | |  1.7
Dodging        | |  0.8
Stealth        | |  0.8
Spellcasting   | |  0.2
Conjurations   | |  0.2

Action                   || total
-------------------------++-------
Melee: Staff             ||    36
       Club              ||     8
       Dagger            ||     7
  Use: Potion            ||     5
       Scroll            ||     3
Armor: Leather armour    ||    11
Dodge: Dodged            ||    29
